 Dungeon Crawl Stone Soup version 0.22.1-1-ga44c0e56f4 (webtiles) character file.

78488 FreshCat the Fighter (level 16, -6/120 HPs)
             Began as a Halfling Hunter on Aug 11, 2018.
             Was a High Priest of Fedhas.
             Mangled by a four-headed hydra (11 damage)
             ... on level 1 of the Swamp on Oct 12, 2018.
             The game lasted 04:17:52 (25026 turns).

FreshCat the Fighter (Halfling Hunter)             Turns: 25026, Time: 04:17:53

Health: -6/120     AC: 12    Str: 17    XL:     16   Next: 8%
Magic:  19/21      EV: 24    Int: 11    God:    Fedhas [*****.]
Gold:   669        SH:  0    Dex: 20    Spells: 15/17 levels left

rFire    . . .     SeeInvis +   z - +0 fustibalus of Wenei {speed, +Blink Str+4}
rCold    . . .     Gourm    .   (shield restricted)
rNeg     . . .     Faith    .   O - +2 robe of the Sea {Slay+3}
rPois    .         Spirit   .   d - +0 helmet {SInv}
rElec    .         Reflect  .   r - +0 cloak
rCorr    .         Harm     .   (no gloves)
MR       +....                  v - +0 pair of boots
Stlth    +++++.....             s - amulet of regeneration
HPRegen  0.70/turn              t - +2 ring of evasion
MPRegen  0.17/turn              x - +4 ring of protection

@: studying Ice Magic, drained
A: small, mutation resistance 1
a: Fungal Bloom, Sunlight, Evolution, Growth, Reproduction, Rain, Renounce
Religion, Evoke Blink


You were on level 1 of the Swamp.
You worshipped Fedhas.
Fedhas was extremely pleased with you.
You were not hungry.

You visited 7 branches of the dungeon, and saw 25 of its levels.
You also visited: Sewer and Ice Cave.

You collected 2206 gold pieces.
You spent 1537 gold pieces at shops.

Inventory:

Hand Weapons
 a - a +8 hunting sling of venom
 b - a +3 dagger of chaos
 z - the +0 fustibalus of Wenei (weapon) {speed, +Blink Str+4}
   (You bought it in a shop on level 1 of the Orcish Mines)

   Attacks with this weapon are significantly faster.
   It affects your strength (+4).
   It lets you blink.
Missiles
 j - 63 stones (quivered)
 F - 23 tomahawks
 J - 9 sling bullets
Armour
 d - a +0 helmet of see invisible (worn)
 r - a +0 cloak (worn)
 v - a +0 pair of boots (worn)
 y - a +1 chain mail of poison resistance
 G - the +3 leather armour of the Slug {*Slow rElec rF+ MR++}
   (You found it on level 8 of the Dungeon)

   It protects you from fire.
   It insulates you from electricity.
   It affects your resistance to hostile enchantments.
   It may slow you when you take damage.
 O - the +2 robe of the Sea (worn) {Slay+3}
   (You found it on level 6 of the Lair of Beasts)

   It affects your accuracy and damage with ranged weapons and melee attacks
   (+3).
Jewellery
 s - an amulet of regeneration (around neck)
 t - a +2 ring of evasion (left hand)
 w - a +1 ring of slaying
 x - a +4 ring of protection (right hand)
 A - a +6 ring of intelligence
 X - the ring "Nusyukutt" {+Fly rF++ MR+}
   (You found it in an ice cave)

   [ring of protection from magic]

   It greatly protects you from fire.
   It affects your resistance to hostile enchantments.
   It lets you fly.
Wands
 c - a wand of digging (25)
 B - a wand of disintegration (29)
 C - a wand of acid (13)
 I - a wand of scattershot (9)
Scrolls
 e - 12 scrolls of remove curse
 i - a scroll of blinking
 m - 2 scrolls of holy word
 o - 3 scrolls of identify
 p - 2 scrolls of summoning
 q - 9 scrolls of teleportation
 N - 4 scrolls of fog
Potions
 g - 5 potions of curing
 h - 5 potions of haste
 k - a potion of invisibility
 l - a potion of flight
 n - a potion of might
 u - a potion of berserk rage
 D - 3 potions of magic
 E - 3 potions of brilliance
 T - 2 potions of agility
Books
 W - a manual of Ice Magic
Comestibles
 f - 31 rations


   Skills:
 + Level 14.8 Fighting
 - Level 10.0(9.9) Short Blades
 - Level 13.9 Slings
 - Level 0.1(6.3) Throwing
 * Level 8.7 Armour
 * Level 8.9(8.8) Dodging
 + Level 12.6 Stealth
 - Level 1.0(0.9) Spellcasting
 - Level 0.1(0.0) Hexes
 + Level 8.5(8.4) Ice Magic
 + Level 7.7 Invocations


You had 15 spell levels left.
You knew the following spells:

 Your Spells              Type           Power        Failure   Level  Hunger
a - Ensorcelled Hibernat  Hex/Ice        #.....       9%          2    ###....

Your spell library contained the following spells:

 Spells                   Type           Power        Failure   Level  Hunger
 Animate Skeleton         Necr           N/A          32%         1    ##.....
 Apportation              Tloc           #.....       32%         1    ##.....
 Confusing Touch          Hex            #.....       32%         1    ##.....
 Corona                   Hex            #......      32%         1    ##.....
 Flame Tongue             Conj/Fire      #....        32%         1    ##.....
 Summon Small Mammal      Summ           #...         32%         1    ##.....
 Slow                     Hex            #.......     43%         2    ###....
 Call Imp                 Summ           #.......     45%         2    ###....
 Passwall                 Tmut/Erth      #.......     45%         2    ###....
 Summon Ice Beast         Ice/Summ       #.......     50%         4    #####..
 Confuse                  Hex            #.......     67%         3    ####...
 Dazzling Spray           Conj/Hex       #.....       67%         3    ####...
 Inner Flame              Hex/Fire       #.......     67%         3    ####...
 Portal Projectile        Hex/Tloc       #.....       67%         3    ####...
 Summon Guardian Golem    Hex/Summ       #.......     67%         3    ####...
 Tukima's Dance           Hex            #.......     67%         3    ####...
 Call Canine Familiar     Summ           #.......     69%         3    ####...
 Conjure Flame            Conj/Fire      #.......     69%         3    ####...
 Recall                   Summ/Tloc      N/A          69%         3    ####...
 Cause Fear               Hex            #.........   97%         4    #####..
 Iskenderun's Mystic Bla  Conj           #.......     97%         4    #####..
 Leda's Liquefaction      Hex/Erth       #.........   97%         4    #####..
 Summon Lightning Spire   Summ/Air       #.......     97%         4    #####..
 Aura of Abjuration       Summ           #.........   100%        5    ######.
 Bolt of Magma            Conj/Fire/Erth #.........   100%        5    ######.
 Iskenderun's Battlesphe  Conj/Chrm      #.......     100%        5    ######.
 Summon Demon             Summ           #.........   100%        5    ######.
 Summon Forest            Summ/Tloc      #.........   100%        5    ######.
 Summon Mana Viper        Hex/Summ       #.......     100%        5    ######.
 Bolt of Fire             Conj/Fire      #.........   100%        6    #######
 Iron Shot                Conj/Erth      #.........   100%        6    #######
 Shadow Creatures         Summ           N/A          100%        6    #######
 Statue Form              Tmut/Erth      #........    100%        6    #######
 Shatter                  Erth           #.........   100%        9    #######


Dungeon Overview and Level Annotations

Branches:
Dungeon (13/15)            Temple (1/1) D:4            Lair (6/6) D:11
  Swamp (1/4) Lair:2        Snake (1/4) Lair:2        Slime (1/5) Lair:6
    Orc (2/2) D:12            Elf (0/3) Orc:2
 Vaults: D:13-14

Altars:
Cheibriados
Fedhas
Gozag
Hepliaklqana
Sif Muna
Trog
Uskayaw
Vehumet
Xom
Yredelemnul
Zin
The Shining One

Shops:
Orc:1 (   Orc:2 =?(?}

Portals:
Pandemonium: Orc:2

Annotations:
D:7 2 transporters, Nurxa's ghost, novice MiBe
D:10 1 runed door, 3 exclusions, Kirk's ghost, journeyman DsGl


Innate Abilities, Weirdness & Mutations

You are small and have problems with some larger weapons.
You are somewhat resistant to further mutation.


Message History

The four-headed hydra bites you! The four-headed hydra bites you.
The four-headed hydra bites you but does no damage.
The four-headed hydra completely misses you.
The alligator bites you!
* * * LOW HITPOINT WARNING * * *
The alligator misses you.
The four-headed hydra barely misses you.
The four-headed hydra bites you but does no damage.
The four-headed hydra bites you!
* * * LOW HITPOINT WARNING * * *
The four-headed hydra bites you!
* * * LOW HITPOINT WARNING * * *
The alligator closely misses you. The alligator misses you.
You see here 4 stones.
The four-headed hydra completely misses you.
The four-headed hydra bites you.
* * * LOW HITPOINT WARNING * * *
The four-headed hydra misses you. The four-headed hydra bites you!
You die...
Fedhas appreciates your contribution to the ecosystem.

≈ .... ...≈ (≈..≈
♣♣♣♣♣♣♣♣♣♣♣♣♣
.(?≈..♣.f(.((.(§(<♣♣
..≈≈≈.♣.≈...≈...)(.♣
≈≈♣≈♣((...≈≈≈§≈..≈♣
§.(≈(..(...≈≈≈≈♣♣♣♣♣
≈(.≈≈≈....(@≈≈(♣
..♣.≈≈≈≈≈≈tDw(♣≈≈≈♣
♣♣≈§≈§≈≈≈≈(.≈.♣≈≈≈≈
≈.(..≈≈≈≈≈...≈♣≈≈≈
≈≈..§≈≈≈≈≈≈§≈§≈≈≈
≈≈≈≈(♣(.(..≈.≈♣≈♣♣
≈(..♣♣♣♣♣♣((.§≈≈≈
♣♣. ♣♣..≈≈≈≈(
≈≈.(≈≈≈


You could see an alligator, a four-headed hydra, a tyrant leech and a friendly
wandering mushroom.

Vanquished Creatures
  An ogre mage (Orc:1)
  2 hydras (Lair:3)
  Erica (D:8)
  4 orc high priests (Orc:2)
  A death yak (Lair:4)
  A sixfirhy (Orc:2)
  An unseen horror (D:12)
  2 torturous demonspawn (Orc:2)
  3 orc knights
  A lindwurm (Lair:4)
  A deep elf mage (D:13)
  4 ugly things
  A cyclops (D:12)
  5 manticores
  5 elephants
  6 orc sorcerers (Orc:2)
  2 centaur zombies
  4 black mambas
  A smoke demon (Orc:2)
  28 spiny frogs
  3 ice statues (IceCv)
  10 rime drakes
  3 kobold demonologists
  6 komodo dragons
  A red devil (Orc:2)
  A polar bear (Lair:5)
  2 meliai (Lair:4)
  A queen bee (Lair:4)
  6 trolls
  3 tyrant leeches (Lair:6)
  15 blink frogs
  A dream sheep (Lair:5)
  16 hippogriffs
  2 hornets
  8 wyverns
  46 yaks
  2 wraiths
  A human (D:7)
  6 basilisks (Lair:4)
  3 hogs (D:7)
  A hungry ghost (D:8)
  A steam dragon (D:9)
  A neqoxec (Orc:2)
  6 vampire mosquitoes (Lair:6)
  An acid dragon (D:12)
  3 wargs
  7 water moccasins
  7 porcupines
  A hell hound (Lair:4)
  A wandering mushroom (Lair:3)
  2 swamp drakes (Swamp:1)
  22 orc warriors
  5 sky beasts
  13 ice beasts
  A black bear (D:10)
  5 phantoms
  2 necrophages
  14 ogres
  8 centaurs
  38 wolves
  8 crocodiles
  5 big kobolds
  21 bullfrogs
  A wyvern zombie (D:12)
  A gnoll sergeant (D:9)
  3 scorpions (D:9)
  A wyvern skeleton (D:11)
  34 killer bees
  3 electric eels
  2 vampire bats (Orc:2)
  3 howler monkeys
  A crimson imp (D:8)
  2 bullfrog skeletons
  3 centaur skeletons
  5 jellies
  A bullfrog zombie (D:11)
  20 orc wizards
  29 orc priests
  12 hounds
  A gnoll shaman (D:7)
  3 iguanas
  16 worker ants
  A hell rat (Lair:4)
  A hound zombie (D:9)
  2 hound skeletons
  2 worker ant zombies
  2 howler monkey skeletons
  16 adders
  5 gnolls (D:9)
  2 river rats
  2 shadow imps
  9 oozes
  3 worms (D:4)
  3 dart slugs
  6 leopard geckos
  62 orcs
  15 bats
  5 giant cockroaches
  5 goblins
  4 hobgoblins
  16 jackals
  30 kobolds
  5 quokkas
  2 ball pythons
  4 frilled lizards
  A quokka zombie (D:7)
  18 rats
745 creatures vanquished.

Vanquished Creatures (collateral kills)
  A hydra (Lair:6)
  A two-headed ogre (Orc:2)
  An orc high priest (Orc:2)
  An infernal demonspawn (Orc:2)
  2 orc knights (Orc:2)
  A guardian serpent (Lair:2)
  A rust devil (Orc:2)
  A black mamba (Lair:6)
  5 spiny frogs (Lair:6)
  A rime drake (Lair:4)
  A centaur skeleton (D:13)
  2 komodo dragons
  A hellwing (Orc:2)
  A meliai (Lair:4)
  7 blink frogs
  4 basilisks
  3 yaks
  2 water moccasins
  A porcupine (Lair:3)
  11 orc warriors
  2 ice beasts (Lair:3)
  A wolf (Lair:5)
  An ogre (Orc:2)
  A crocodile (Lair:6)
  3 bullfrogs
  7 killer bees (Lair:4)
  2 orc priests
  5 orc wizards
  11 orcs
81 creatures vanquished.

Vanquished Creatures (others)
  32 wandering mushrooms
  A bush (Lair:6)
  20 fungi
  54 plants
  626 toadstools
733 creatures vanquished.

Grand Total: 1559 creatures vanquished

Notes
Turn   | Place    | Note
-------+----------+-------------------------------------------
     0 | D:1      | FreshCat the Halfling Hunter began the quest for the Orb.
     0 | D:1      | Reached XP level 1. HP: 14/14 MP: 1/1
    11 | D:2      | Reached XP level 2. HP: 14/19 MP: 2/2
   544 | D:1      | Reached XP level 3. HP: 23/24 MP: 3/3
  1427 | D:2      | Reached skill level 2 in Fighting
  1427 | D:2      | Reached XP level 4. HP: 28/29 MP: 4/4
  1900 | D:2      | Found a basalt altar of Yredelemnul.
  1973 | D:3      | Reached XP level 5. HP: 34/34 MP: 5/5
  2172 | D:3      | Noticed a sky beast
  2187 | D:3      | Killed a sky beast
  2187 | D:3      | Reached skill level 1 in Armour
  2187 | D:3      | Reached XP level 6. HP: 27/41 MP: 6/6
  2569 | D:4      | Found a staircase to the Ecumenical Temple.
  2581 | D:4      | Noticed an ogre
  2596 | Temple   | Entered the Ecumenical Temple
  2630 | Temple   | Became a worshipper of Fedhas Madash
  2879 | D:3      | Killed an ogre
  2879 | D:3      | Reached XP level 7. HP: 25/45 MP: 7/7
  3057 | D:4      | Reached skill level 1 in Short Blades
  3288 | D:4      | Reached skill level 10 in Slings
  3364 | D:4      | Found a hazy altar of Hepliaklqana.
  3369 | D:5      | Entered Level 5 of the Dungeon
  3886 | D:4      | Reached XP level 8. HP: 51/51 MP: 8/8
  4283 | D:6      | Found a bloodstained altar of Trog.
  4666 | D:6      | Found a glowing drain.
  4676 | D:6      | Reached skill level 3 in Fighting
  4722 | Sewer    | Entered a sewer
  4813 | Sewer    | Reached skill level 5 in Stealth
  4813 | Sewer    | Reached XP level 9. HP: 56/56 MP: 9/9
  4892 | Sewer    | Found a white marble altar of Elyvilon.
  5618 | D:5      | Noticed a hippogriff
  5729 | D:5      | Killed a hippogriff
  5759 | D:5      | Reached skill level 4 in Fighting
  5759 | D:5      | Reached skill level 5 in Short Blades
  6229 | D:7      | Noticed Nurxa's ghost (novice MiBe)
  6231 | D:7      | Found a transporter.
  6351 | D:8      | Reached * piety under Fedhas
  6386 | D:8      | Noticed Erica
  6523 | D:7      | Found a hide-covered altar of Uskayaw.
  6578 | D:7      | Found a transporter.
  6600 | D:7      | Noticed a troll
  6665 | D:8      | Killed Erica
  6665 | D:8      | Reached skill level 5 in Fighting
  6665 | D:8      | Reached XP level 10. HP: 58/66 MP: 10/10
  6854 | D:8      | Reached skill level 6 in Fighting
  6934 | D:8      | Got a bloodstained leather armour
  6984 | D:8      | Identified the +3 leather armour of the Slug {*Slow rElec
                  | rF+ MR++} (You found it on level 8 of the Dungeon)
  7039 | D:8      | Found a glowing silver altar of Zin.
  7039 | D:8      | Found a bloodstained altar of Trog.
  7325 | D:8      | Gained mutation: You have very sharp teeth. [potion of
                  | mutation]
  7579 | D:7      | Reached skill level 7 in Fighting
  7613 | D:7      | Found a shimmering altar of Xom.
  8058 | D:10     | Entered Level 10 of the Dungeon
  8118 | D:9      | Reached skill level 8 in Fighting
  8118 | D:9      | Reached XP level 11. HP: 70/77 MP: 11/11
  8205 | D:9      | Noticed a manticore
  8234 | D:9      | Killed a manticore
  8384 | D:9      | Reached skill level 9 in Fighting
  9447 | D:9      | Reached skill level 5 in Dodging
  9450 | D:9      | Reached ** piety under Fedhas
  9757 | D:10     | Found a runed door.
  9757 | D:10     | Found a shimmering altar of Xom.
  9757 | D:10     | Noticed Kirk's ghost (journeyman DsGl)
  9758 | D:10     | Noticed a war axe of chaos
 10527 | D:11     | Noticed a green ugly thing
 10544 | D:11     | Killed a green ugly thing
 10605 | D:11     | Reached skill level 5 in Armour
 10612 | D:11     | Noticed a manticore
 10641 | D:11     | Killed a manticore
 10641 | D:11     | Reached skill level 10 in Fighting
 10746 | D:11     | Found a staircase to the Lair.
 10880 | Lair:1   | Entered Level 1 of the Lair of Beasts
 10930 | D:11     | Reached XP level 12. HP: 87/87 MP: 12/12
 11015 | D:11     | Identified a scroll of acquirement
 11265 | D:11     | Reached *** piety under Fedhas
 12036 | Lair:1   | Reached skill level 10 in Stealth
 12529 | Lair:2   | Reached skill level 11 in Fighting
 12650 | Lair:3   | Found a frozen archway.
 12690 | Lair:3   | Reached skill level 1 in Invocations
 12763 | IceCv    | Entered an ice cave
 12783 | IceCv    | Reached skill level 10 in Short Blades
 12991 | IceCv    | Upgraded the game from 0.22.0 to 0.22.0-2-ge58baed0e8
 13026 | IceCv    | Reached XP level 13. HP: 72/95 MP: 14/14
 13227 | IceCv    | Got a steaming bronze ring
 13236 | IceCv    | Identified the ring "Nusyukutt" {+Fly rF++ MR+} (You found
                  | it in an ice cave)
 13241 | IceCv    | Gained mutation: Your body sometimes deteriorates upon
                  | taking damage. [potion of mutation]
 13242 | IceCv    | Lost mutation: Your body sometimes deteriorates upon taking
                  | damage. [potion of mutation]
 13242 | IceCv    | Lost mutation: You have very sharp teeth. [potion of
                  | mutation]
 13334 | Lair:3   | Noticed a five-headed hydra
 13336 | Lair:3   | Killed a five-headed hydra
 13386 | Lair:2   | Reached skill level 1 in Ice Magic
 13621 | Lair:2   | Found a staircase to the Snake Pit.
 13727 | Snake:1  | Entered Level 1 of the Snake Pit
 13801 | Lair:2   | Found a staircase to the Swamp.
 13813 | Swamp:1  | Entered Level 1 of the Swamp
 14486 | Lair:2   | Identified the Collected Works on Earthen Conjuration (You
                  | acquired it on level 2 of the Lair of Beasts)
 15003 | Lair:3   | Noticed a six-headed hydra
 15012 | Lair:3   | Killed a six-headed hydra
 15327 | Lair:4   | Reached skill level 12 in Fighting
 15763 | Lair:4   | Reached **** piety under Fedhas
 16400 | Lair:4   | Reached XP level 14. HP: 97/104 MP: 17/17
 16435 | Lair:4   | Reached skill level 5 in Ice Magic
 16435 | Lair:4   | Reached skill level 5 in Invocations
 16472 | Lair:4   | Reached skill level 13 in Fighting
 16847 | Lair:6   | Entered Level 6 of the Lair of Beasts
 17452 | Lair:5   | Learned a level 2 spell: Ensorcelled Hibernation
 18753 | Lair:6   | Reached ***** piety under Fedhas
 18890 | Lair:6   | Reached XP level 15. HP: 92/112 MP: 19/19
 18942 | Lair:6   | Reached skill level 14 in Fighting
 19058 | Lair:6   | Reached skill level 1 in Spellcasting
 19569 | Lair:6   | Found a staircase to the Slime Pits.
 19579 | Slime:1  | Entered Level 1 of the Pits of Slime
 20038 | Lair:6   | Got a fabulously ornate robe
 20224 | Lair:6   | Identified the +2 robe of the Sea {Slay+3} (You found it on
                  | level 6 of the Lair of Beasts)
 20407 | Lair:2   | Upgraded the game from 0.22.0-2-ge58baed0e8 to
                  | 0.22.0-5-gf09313c8f9
 20589 | D:12     | Found a snail-covered altar of Cheibriados.
 21238 | D:12     | Found a staircase to the Orcish Mines.
 21250 | Orc:1    | Entered Level 1 of the Orcish Mines
 21818 | Orc:1    | Found Emicauh's Antique Weapon Shop.
 21849 | Orc:1    | Bought a slimy fustibalus for 680 gold pieces
 21849 | Orc:1    | Identified the +0 fustibalus of Wenei {speed, +Blink Str+4}
                  | (You bought it in a shop on level 1 of the Orcish Mines)
 22221 | Orc:2    | Entered Level 2 of the Orcish Mines
 22850 | Orc:2    | Found Mohicul's Jewellery Shoppe.
 23005 | Orc:2    | Upgraded the game from 0.22.0-5-gf09313c8f9 to
                  | 0.22.1-1-ga44c0e56f4
 23121 | Orc:2    | Found Heruroaf's Magic Scroll Emporium.
 23134 | Orc:2    | Found Fuariago's Magic Scroll Shoppe.
 23225 | Orc:2    | Bought a scroll of holy word for 127 gold pieces
 23225 | Orc:2    | Bought a scroll of summoning for 161 gold pieces
 23225 | Orc:2    | Bought a scroll of holy word for 127 gold pieces
 23646 | Orc:2    | Reached XP level 16. HP: 96/120 MP: 21/21
 23729 | Orc:2    | Found Coamar's Gadget Boutique.
 23729 | Orc:2    | Found Ruragra's Antique Weapon Shop.
 23729 | Orc:2    | Found a one-way gate leading to the halls of Pandemonium.
 23731 | Orc:2    | Bought a wand of digging (13) for 442 gold pieces
 24176 | Orc:2    | Found a staircase to the Elven Halls.
 25025 | Swamp:1  | HP: 5/120 [four-headed hydra (15)]
 25026 | Swamp:1  | Mangled by a four-headed hydra

Skill      XL: |  1  2  3  4  5  6  7  8  9 10 11 12 13 14 15 |
---------------+----------------------------------------------+-----
Slings         | 6 7 8 9 10 12 13 | 13.9
Fighting       | 2 3 5 8 10 11 12 13 14 | 14.8
Armour         | 1 2 3 4 5 7 8 |  8.7
Stealth        | 2 3 5 6 8 9 10 11 12 | 12.6
Short Blades   | 2 4 6 7 9 10 | 10.0
Dodging        | 3 4 5 6 8 |  8.9
Invocations    | 1 4 6 7 |  7.7
Ice Magic      | 4 7 8 |  8.5
Spellcasting   | 1 |  1.0
Throwing       | |  0.1
Hexes          | |  0.1

Action                   |  1- 3 |  4- 6 |  7- 9 | 10-12 | 13-15 | 16-18 || total
-------------------------+-------+-------+-------+-------+-------+-------++-------
Melee: Dagger            |       |     5 |    28 |    21 |    38 |       ||    92
       Hunting sling     |       |       |       |     1 |       |       ||     1
       Bite              |       |       |       |     3 |       |       ||     3
       Fustibalus        |       |       |       |       |       |     1 ||     1
 Fire: Hunting sling     |    71 |   124 |   352 |  1259 |  1494 |       ||  3300
       Fustibalus        |       |       |       |       |   538 |   203 ||   741
Throw: Throwing net      |       |       |       |     3 |       |       ||     3
 Cast: Ensorcelled Hiber |       |       |       |       |     7 |     1 ||     8
Invok: Fungal Bloom      |       |       |       |    30 |   109 |     8 ||   147
       Evolution         |       |       |       |    14 |    36 |     7 ||    57
       Sunlight          |       |       |       |     1 |       |       ||     1
  Use: Scroll            |     5 |     5 |    10 |    20 |     8 |       ||    48
       Potion            |       |     1 |     2 |    10 |     4 |     2 ||    19
 Stab: Sleeping          |       |     1 |     2 |     2 |     2 |       ||     7
       Petrifying        |       |       |       |       |     3 |       ||     3
       Confused          |       |       |       |       |     2 |       ||     2
       Distracted        |       |       |       |       |     1 |       ||     1
  Eat: Chunk             |     1 |     5 |     7 |     5 |     7 |     2 ||    27
       Ration            |       |       |     1 |     4 |     7 |     1 ||    13
Armor: Leather armour    |     6 |    12 |    33 |    35 |       |       ||    86
       Troll leather arm |       |       |       |   109 |   144 |       ||   253
       Skin              |       |       |       |       |    13 |       ||    13
       Robe              |       |       |       |       |    12 |     7 ||    19
Dodge: Dodged            |    21 |    38 |    55 |   335 |   732 |    52 ||  1233
